AoeStats
← tinuss

Arena

510724759Analyzed
1v1 RM · 16h ago on Oct 2, 2026· 47m 25s· 2 players
Game mode
Random Map
Map size
Tiny (2 player)
Population
200
Speed
Normal
Resources
Standard
Victory
Conquest
Starting age
Dark Age
Ending age
Imperial Age
RankedLock teamsTeams togetherTeam positionsShared explorationLock speedFull tech treeHidden civsTurbo modeCheats
Victory
Defeat
🇮🇳 Georgians · India
954
+14
🇪🇸 Spanish · Spain
912
-14
tinuss
11:44 Feudal Age
12:48 Double-Bit Axe
16:36 Castle Age
14:48 Horse Collar
15:27 Stone Mining
19:10 Loom
19:48 Bow Saw
20:48 Fletching
21:47 Padded Archer Armor
23:53 Heavy Plow
25:13 Forging
24:57 Pikeman
28:40 Scale Mail Armor
29:16 Iron Casting
35:09 Wheelbarrow
37:19 Gold Mining
40:52 Imperial Age
44:32 Imperial Age
43:21 Scale Barding Armor
43:13 Bodkin Arrow
44:53 Chain Barding Armor
Naghadatha
0:31 Loom
12:39 Feudal Age
17:57 Castle Age
16:26 Double-Bit Axe
17:27 Horse Collar
17:52 Stone Mining
26:18 Elite Skirmisher
29:21 Fletching
30:44 Murder Holes
31:00 Masonry
31:34 Gold Mining
38:44 Imperial Age
37:22 Wheelbarrow
37:16 Padded Archer Armor
38:20 Bodkin Arrow
38:41 Bloodlines
39:28 Leather Archer Armor
40:25 Conscription
40:39 Aznauri Cavalry
41:31 Capped Ram
44:17 Forging
44:13 Scale Barding Armor
45:54 Hoardings
45:34 Bracer
46:58 Ballistics
47:41 Chemistry
Connection lost

Rejoining the realm…

Still unreachable

The connection could not be restored.

Session expired

The server has moved on; the page needs a fresh start.